Griffins vs Ice Hogs

Created - Saturday, December 05, 2015 at 02:02

Goals
1 2 3 OT1 SO T
Griffins 0 1 0 0 2 2
Ice Hogs 1 0 0 0 1 1
Shots
1 2 3 OT1 SO T
Griffins 3 12 6 4 5 25
Ice Hogs 14 5 8 7 5 34

1st period

1. Ice Hogs , Scott Wilson 1 (Oscar Lindberg) at 19:23

Penalties :
Scott Valentine (GRG) for Holding (Minor) at 14:42, Jean-Philippe Cote (RIH) for Fighting (Major) at 17:16, Mike Angelidis (GRG) for Fighting (Major) at 17:16, Jean-Philippe Cote (RIH) for instigated a fight (Minor) at 17:16, Jean-Philippe Cote (RIH) for instigated a fight (10 Minutes Misconduct) at 17:16

2nd period

2. Griffins , Zac Rinaldo 1 (Damien Brunner, Peter Regin) at 13:09 (PP)

Penalties :
Petr Straka (RIH) for Roughing (Minor) at 12:58, Mike Angelidis (GRG) for Slashing (Minor) at 14:13, Jean-Philippe Cote (RIH) for Fighting (Major) at 17:12, John McFarland (GRG) for Fighting (Major) at 17:12, Jean-Philippe Cote (RIH) for instigated a fight (Minor) at 17:12, Jean-Philippe Cote (RIH) for instigated a fight (10 Minutes Misconduct) at 17:12

3rd period

No Goal

Penalties :
Kyle Hagel (RIH) for Holding Stick (Minor) at 1:51, Ryan Haggerty (RIH) for Fighting (Major) at 5:42, Mark Mancari (GRG) for Fighting (Major) at 5:42, Jean-Philippe Cote (RIH) for Fighting (Major / Game Misconduct) at 15:06, Zac Rinaldo (GRG) for Fighting (Major) at 15:06

Overtime #1

No Goal

Penalties :
No Penalty

Shootout

Penalty Shot by John McFarland for Griffins - Stopped by Yann Danis
Penalty Shot by Travis Morin for Ice Hogs - Stopped by Anton Forsberg
Penalty Shot by Zac Rinaldo for Griffins - Stopped by Yann Danis
Penalty Shot by Colin McDonald for Ice Hogs - Shot Misses the Net
Penalty Shot by Peter Regin for Griffins - Shot Misses the Net
Penalty Shot by Oscar Lindberg for Ice Hogs - Stopped by Anton Forsberg
Penalty Shot by Mike Angelidis for Griffins - Goal!
Penalty Shot by Scott Wilson for Ice Hogs - Goal!
Penalty Shot by Mark Mancari for Griffins - Goal!
Penalty Shot by Will Acton for Ice Hogs - Stopped by Anton Forsberg

Penalties :
No Penalty

Goalie Stats

Anton Forsberg (GRG), 33 saves from 34 shots - (0.971), W, 8-9-3, 65:00 minutes
Yann Danis (RIH), 24 saves from 25 shots - (0.960), OTL, 15-7-5, 65:00 minutes

Players Stats for Griffins

Player Name              G  A  P  +/- PIM S  H  SB GA TA FO     MP     PP MP  PK MP  
------------------------------------------------------------------------------------
Ben Eager                0  0  0   0  0   1  2  0  0  0  0/0    12:08   0:00   0:32 
Corey Trivino            0  0  0   0  0   0  0  1  1  2  2/6    11:31   0:00   0:00 
Damien Brunner           0  1  1  -1  0   1  1  1  3  3  0/0    16:45   3:11   0:00 
Dylan Reese              0  0  0   0  0   1  2  1  0  1  0/0    26:49   2:28   2:58 
Jared Staal              0  0  0   0  0   1  1  2  0  1  0/0    14:20   0:00   1:16 
John McFarland           0  0  0   0  5   4  1  0  1  1  0/1    13:39   0:22   0:00 
Kellan Lain              0  0  0   0  0   0  2  1  0  0  0/0    10:50   0:00   0:00 
Mark Alt                 0  0  0   0  0   0  1  1  0  2  0/0    29:33   2:28   2:49 
Mark Mancari             0  0  0   0  5   0  2  0  4  0  3/4    17:06   2:57   1:55 
Mike Angelidis           0  0  0   0  7   1  2  0  3  0  0/0    16:28   1:47   0:15 
Mike Cornell             0  0  0   0  0   1  5  2  0  0  0/0    18:34   0:00   0:47 
Mike Keenan              0  0  0   0  0   0  0  0  0  0  0/0     1:36   0:00   0:00 
Peter Regin              0  1  1  -1  0   1  1  0  0  0  8/13   18:52   3:11   0:47 
Robert Hagg              0  0  0  -1  0   2  0  4  0  0  0/0    26:56   3:40   1:09 
Scott Valentine          0  0  0  -1  2   1  1  2  1  2  0/0    26:31   3:40   0:13 
T.J. Hensick             0  0  0   0  0   4  2  2  4  3  4/8    16:49   2:57   0:00 
William Nylander         0  0  0   0  0   2  0  1  5  1  4/6    17:21   0:48   0:00 
Zac Rinaldo              1  0  1  -1  5   5  3  2  2  0  0/1    20:31   3:11   3:11 

Players Stats for Ice Hogs

Player Name              G  A  P  +/- PIM S  H  SB GA TA FO     MP     PP MP  PK MP  
------------------------------------------------------------------------------------
Alexey Marchenko         0  0  0   0  0   4  0  2  4  2  0/0    24:30   1:59   2:58 
Anton Volchenkov         0  0  0   1  0   4  3  2  0  0  0/0    26:22   1:59   2:58 
Ben Holmstrom            0  0  0   0  0   0  1  0  0  1  3/7    11:07   0:00   0:00 
Colin McDonald           0  0  0   0  0   1  3  0  5  1  0/2    19:41   1:59   2:48 
Derek Hulak              0  0  0   0  0   3  0  0  1  1  0/0    11:07   0:00   0:00 
Frank Corrado            0  0  0   0  0   4  2  1  4  3  0/0    26:13   1:59   3:10 
Jean-Philippe Cote       0  0  0   0  49  0  0  0  0  0  0/0     6:13   0:00   0:00 
Kyle Hagel               0  0  0   1  2   2  2  3  0  0  0/0    20:44   0:00   0:00 
Mat Bodie                0  0  0   0  0   2  0  0  0  0  0/0    25:45   1:59   3:10 
Matt Fraser              0  0  0   0  0   2  0  0  2  1  0/1    16:27   1:59   0:00 
Oscar Lindberg           0  1  1   1  0   4  2  0  2  1  2/8    19:51   1:59   3:20 
Petr Straka              0  0  0   0  2   1  1  1  1  1  0/0    15:19   0:00   0:00 
Ryan Haggerty            0  0  0   0  5   0  0  0  0  0  0/0     9:53   0:00   0:00 
Scott Wilson             1  0  1   1  0   3  2  1  1  1  1/1    14:09   1:59   0:07 
Seth Griffith            0  0  0   1  0   3  3  0  4  1  1/1    19:31   1:59   3:20 
T.J. Tynan               0  0  0   0  0   0  2  0  3  0  3/5    15:20   0:00   0:00 
Travis Morin             0  0  0   0  0   1  0  0  1  0  8/14   18:20   1:59   2:48 
Will Acton               0  0  0   0  0   0  2  0  0  1  0/0    13:44   0:00   0:00 

3 Stars

1 - Anton Forsberg (GRG)
2 - Yann Danis (RIH)
3 - Scott Wilson (RIH)

Power Play

Griffins - 1 on 4 Attempt(s) - 25.00%
Ice Hogs - 0 on 2 Attempt(s) - 0.00%

Penalty Kill

Griffins - 2 on 2 Attempt(s) - 100.00% - Score 0 goal in Penalty Kill
Ice Hogs - 3 on 4 Attempt(s) - 75.00% - Score 0 goal in Penalty Kill

Team Stat

Griffins - Hits : 26 - Faceoff Wins : 21 - Blocked Shots : 20 - Penalty Minutes : 24
Ice Hogs - Hits : 23 - Faceoff Wins : 18 - Blocked Shots : 10 - Penalty Minutes : 58

Official

Referees : Unknown
Linesman : Unknown

Game Notes

Jean-Philippe Cote beats up Mike Angelidis at 17:16 of 1st period
Jean-Philippe Cote and John McFarland fight to a draw at 17:12 of 2nd period
Ryan Haggerty and Mark Mancari fight to a draw at 5:42 of 3rd period
Jean-Philippe Cote and Zac Rinaldo fight to a draw at 15:06 of 3rd period
Jean-Philippe Cote ejected from game at 15:06 of 3rd period

Finance

Level 1 -- Attendance: 1503 (75.15%) -- Ticket Income $52,605
Level 2 -- Attendance: 697 (69.70%) -- Ticket Income $10,455
Total Attendance: 2200 (73.33%)
Total Ticket Income: $63,060
Other Income: $30,899
Total Income: $93,959

Griffins

5 vs 5 Forward 
   Center                   Left Wing                Right Wing               Time % Phy DF OF 
 1 Peter Regin              Damien Brunner           Zac Rinaldo              35     1   2  2  
 2 T.J. Hensick             Mike Angelidis           Mark Mancari             30     1   2  2  
 3 William Nylander         Ben Eager                John McFarland           22     1   2  2  
 4 Corey Trivino            Kellan Lain              Jared Staal              13     1   2  2  

5 vs 5 Defense 
   Defense                  Defense                                           Time % Phy DF OF 
 1 Mark Alt                 Dylan Reese                                       35     1   2  2  
 2 Robert Hagg              Scott Valentine                                   30     1   2  2  
 3 Mark Alt                 Mike Cornell                                      22     1   2  2  
 4 Mark Alt                 Dylan Reese                                       13     1   2  2  

PowerPlay Forward 
   Center                   Left Wing                Right Wing               Time % Phy DF OF 
 1 Peter Regin              Damien Brunner           Zac Rinaldo              60     1   2  2  
 2 T.J. Hensick             Mike Angelidis           Mark Mancari             40     1   2  2  

PowerPlay Defense
   Defense                  Defense                                           Time % Phy DF OF 
 1 Mark Alt                 Dylan Reese                                       60     1   2  2  
 2 Robert Hagg              Scott Valentine                                   40     1   2  2  

Penalty Kill 4 Players Forward 
   Center                   Wing                     Time % Phy DF OF 
 1 Mark Mancari             Zac Rinaldo              60     1   2  2  
 2 Peter Regin              Mike Angelidis           40     1   2  2  

Penalty Kill 4 Players Defense
   Defense                  Defense                  Time % Phy DF OF 
 1 Mark Alt                 Dylan Reese              60     1   2  2  
 2 Robert Hagg              Scott Valentine          40     1   2  2  

Penalty Kill - 3 Players Forward 
   Forward                                           Time % Phy DF OF 
 1 Peter Regin                                       60     1   2  2  
 2 Zac Rinaldo                                       40     1   2  2  

Penalty Kill - 3 Players Defense
   Defense                  Defense                  Time % Phy DF OF 
 1 Mark Alt                 Dylan Reese              60     1   2  2  
 2 Robert Hagg              Scott Valentine          40     1   2  2  

4 vs 4 Forward 
   Center                   Wing                     Time % Phy DF OF 
 1 William Nylander         Zac Rinaldo              60     1   2  2  
 2 Peter Regin              Mike Angelidis           40     1   2  2  

4 vs 4 Defense
   Defense                  Defense                  Time % Phy DF OF 
 1 Mark Alt                 Dylan Reese              60     1   2  2  
 2 Robert Hagg              Scott Valentine          40     1   2  2  

Last Minutes Offensive
   Center                   Left Wing                Right Wing               Defense                  Defense                  
   Peter Regin              Damien Brunner           Zac Rinaldo              Mark Alt                 Dylan Reese              

Last Minutes Defensive
   Center                   Left Wing                Right Wing               Defense                  Defense                  
   Peter Regin              Damien Brunner           Zac Rinaldo              Mark Alt                 Dylan Reese              

Goaltenders
Starting : Anton Forsberg           
Backup : Peter Budaj              

Extra Forwards
Normal : William Nylander, John McFarland, Jared Staal - PP : William Nylander, John McFarland - PK : Jared Staal
Extra Defensemen
Normal : Mark Alt, Mike Cornell, Robert Hagg - PP : Dylan Reese - PK : Mike Cornell, Robert Hagg
Penalty Shots
John McFarland, Zac Rinaldo, Peter Regin, Mike Angelidis, Mark Mancari

Ice Hogs

5 vs 5 Forward 
   Center                   Left Wing                Right Wing               Time % Phy DF OF 
 1 Travis Morin             Matt Fraser              Seth Griffith            30     0   2  3  
 2 Oscar Lindberg           Scott Wilson             Colin McDonald           25     0   2  3  
 3 T.J. Tynan               Will Acton               Petr Straka              25     1   2  2  
 4 Ben Holmstrom            Derek Hulak              Ryan Haggerty            20     1   2  2  

5 vs 5 Defense 
   Defense                  Defense                                           Time % Phy DF OF 
 1 Anton Volchenkov         Alexey Marchenko                                  30     1   2  2  
 2 Frank Corrado            Mat Bodie                                         30     1   2  2  
 3 Kyle Hagel               Jean-Philippe Cote                                30     1   2  2  
 4 Anton Volchenkov         Alexey Marchenko                                  10     1   2  2  

PowerPlay Forward 
   Center                   Left Wing                Right Wing               Time % Phy DF OF 
 1 Travis Morin             Matt Fraser              Seth Griffith            50     1   1  3  
 2 Oscar Lindberg           Scott Wilson             Colin McDonald           50     1   1  3  

PowerPlay Defense
   Defense                  Defense                                           Time % Phy DF OF 
 1 Anton Volchenkov         Alexey Marchenko                                  50     0   2  3  
 2 Frank Corrado            Mat Bodie                                         50     0   2  3  

Penalty Kill 4 Players Forward 
   Center                   Wing                     Time % Phy DF OF 
 1 Oscar Lindberg           Seth Griffith            50     1   3  1  
 2 Travis Morin             Colin McDonald           50     1   3  1  

Penalty Kill 4 Players Defense
   Defense                  Defense                  Time % Phy DF OF 
 1 Anton Volchenkov         Alexey Marchenko         50     1   4  0  
 2 Frank Corrado            Mat Bodie                50     1   4  0  

Penalty Kill - 3 Players Forward 
   Forward                                           Time % Phy DF OF 
 1 Colin McDonald                                    50     1   4  0  
 2 Travis Morin                                      50     1   4  0  

Penalty Kill - 3 Players Defense
   Defense                  Defense                  Time % Phy DF OF 
 1 Anton Volchenkov         Alexey Marchenko         50     1   4  0  
 2 Frank Corrado            Mat Bodie                50     1   4  0  

4 vs 4 Forward 
   Center                   Wing                     Time % Phy DF OF 
 1 T.J. Tynan               Petr Straka              50     1   2  2  
 2 Oscar Lindberg           Colin McDonald           50     1   2  2  

4 vs 4 Defense
   Defense                  Defense                  Time % Phy DF OF 
 1 Frank Corrado            Mat Bodie                50     1   2  2  
 2 Kyle Hagel               Jean-Philippe Cote       50     1   2  2  

Last Minutes Offensive
   Center                   Left Wing                Right Wing               Defense                  Defense                  
   Travis Morin             Matt Fraser              Colin McDonald           Anton Volchenkov         Alexey Marchenko         

Last Minutes Defensive
   Center                   Left Wing                Right Wing               Defense                  Defense                  
   Oscar Lindberg           Scott Wilson             Seth Griffith            Anton Volchenkov         Frank Corrado            

Goaltenders
Starting : Yann Danis               
Backup : Ryan Faragher            

Extra Forwards
Normal : Colin McDonald, Oscar Lindberg, Matt Fraser - PP : Colin McDonald, Matt Fraser - PK : Scott Wilson
Extra Defensemen
Normal : Frank Corrado, Mat Bodie, Anton Volchenkov - PP : Frank Corrado - PK : Frank Corrado, Mat Bodie
Penalty Shots
Travis Morin, Colin McDonald, Oscar Lindberg, Scott Wilson, Will Acton

% Time on Ice - Griffins

Lines # - Real PCT - Wanted PCT - Time Play
Normal Forward
1 - 27% - 35% - 13:34
2 - 29% - 30% - 14:33
3 - 22% - 22% - 10:57
4 - 22% - 13% - 10:50
Normal Defense
1 - 31% - 35% - 15:19
2 - 41% - 30% - 20:15
3 - 26% - 22% - 12:59
4 - 3% - 13% - 1:21
PP Forward
1 - 52% - 60% - 3:11
2 - 48% - 40% - 2:57
PP Defense
1 - 40% - 60% - 2:28
2 - 60% - 40% - 3:40
PK Forward
1 - 80% - 60% - 3:11
2 - 20% - 40% - 0:47
PK Defense
1 - 71% - 60% - 2:49
2 - 29% - 40% - 1:09
PK3 Forward
1 - 0% - 60%
2 - 0% - 40%
PK3 Defense
1 - 0% - 60%
2 - 0% - 40%
44 Forward
1 - 87% - 60% - 4:21
2 - 13% - 40% - 0:39
44 Defense
1 - 59% - 60% - 2:56
2 - 41% - 40% - 2:04
Last Minute Offensive  - 0:00
Last Minute Defensive  - 0:00
Total
Forward - 65:00
Defense - 65:00

% Time on Ice - Ice Hogs

Lines # - Real PCT - Wanted PCT - Time Play
Normal Forward
1 - 28% - 30% - 14:12
2 - 23% - 25% - 11:24
3 - 26% - 25% - 13:11
4 - 22% - 20% - 11:07
Normal Defense
1 - 30% - 30% - 15:03
2 - 27% - 30% - 13:43
3 - 37% - 30% - 18:24
4 - 5% - 10% - 2:44
PP Forward
1 - 50% - 50% - 1:59
2 - 50% - 50% - 1:59
PP Defense
1 - 50% - 50% - 1:59
2 - 50% - 50% - 1:59
PK Forward
1 - 54% - 50% - 3:20
2 - 46% - 50% - 2:48
PK Defense
1 - 48% - 50% - 2:58
2 - 52% - 50% - 3:10
PK3 Forward
1 - 0% - 50%
2 - 0% - 50%
PK3 Defense
1 - 0% - 50%
2 - 0% - 50%
44 Forward
1 - 54% - 50% - 2:42
2 - 46% - 50% - 2:18
44 Defense
1 - 20% - 50% - 0:59
2 - 80% - 50% - 4:01
Last Minute Offensive  - 0:00
Last Minute Defensive  - 0:00
Total
Forward - 65:00
Defense - 65:00

Play by Play

1st period


0:01 of 1st period - Peter Regin wins face-off versus Travis Morin in neutral zone.
0:06 of 1st period - Anton Volchenkov is hit by Dylan Reese and loses puck.
0:32 of 1st period - Backhand shot by Zac Rinaldo.
0:32 of 1st period - Shot Misses the Net.
1:04 of 1st period - Robert Hagg is hit by Scott Wilson and loses puck.
1:15 of 1st period - T.J. Hensick is hit by Oscar Lindberg and loses puck.
1:49 of 1st period - William Nylander is hit by Will Acton and loses puck.
2:54 of 1st period - Wrist shot by Seth Griffith.
2:54 of 1st period - Stopped by Anton Forsberg with a rebound.
2:56 of 1st period - Wrist shot by Matt Fraser.
2:56 of 1st period - Shot Blocked by Scott Valentine.
3:34 of 1st period - Snap shot by Zac Rinaldo.
3:34 of 1st period - Shot Blocked by Scott Wilson.
3:45 of 1st period - Peter Regin is hit by Scott Wilson and loses puck.
4:27 of 1st period - Wrist shot by T.J. Hensick.
4:27 of 1st period - Shot Blocked by Alexey Marchenko.
4:29 of 1st period - Snap shot by Mike Angelidis.
4:29 of 1st period - Shot Hit the Post.
4:31 of 1st period - Slapshot by Robert Hagg.
4:31 of 1st period - Stopped by Yann Danis with a rebound.
4:58 of 1st period - Ryan Haggerty is hit by Ben Eager and loses puck.
5:27 of 1st period - Dylan Reese is hit by Frank Corrado and loses puck.
5:48 of 1st period - Off-side.
5:49 of 1st period - Travis Morin wins face-off versus Peter Regin in neutral zone.
5:52 of 1st period - Wrist shot by Seth Griffith.
5:52 of 1st period - Stopped by Anton Forsberg with a rebound.
5:55 of 1st period - Icing by Dylan Reese.
5:56 of 1st period - Travis Morin wins face-off versus Peter Regin in Griffins zone.
6:24 of 1st period - Travis Morin is hit by Mike Cornell and loses puck.
6:43 of 1st period - Snap shot by T.J. Hensick.
6:43 of 1st period - Shot Misses the Net.
6:45 of 1st period - Slapshot by Scott Valentine.
6:45 of 1st period - Shot Misses the Net.
7:15 of 1st period - Mark Mancari is hit by Kyle Hagel and loses puck.
7:34 of 1st period - Slapshot by Alexey Marchenko.
7:34 of 1st period - Stopped by Anton Forsberg with a rebound.
7:36 of 1st period - Wrist shot by Scott Wilson.
7:36 of 1st period - Deflect By T.J. Hensick.
7:36 of 1st period - Shot Misses the Net.
7:36 of 1st period - Puck is out of play.
7:37 of 1st period - Oscar Lindberg wins face-off versus Corey Trivino in Griffins zone.
8:26 of 1st period - Kellan Lain is hit by Frank Corrado and loses puck.
9:02 of 1st period - Anton Volchenkov is hit by Zac Rinaldo and loses puck.
9:22 of 1st period - Slapshot by Alexey Marchenko.
9:22 of 1st period - Shot Misses the Net.
9:24 of 1st period - Slapshot by Alexey Marchenko.
9:24 of 1st period - Shot Blocked by Robert Hagg.
9:26 of 1st period - Slapshot by Alexey Marchenko.
9:26 of 1st period - Stopped by Anton Forsberg with a rebound.
9:28 of 1st period - Slapshot by Anton Volchenkov.
9:28 of 1st period - Stopped by Anton Forsberg with a rebound.
9:38 of 1st period - Peter Regin is hit by Colin McDonald and loses puck.
9:57 of 1st period - Oscar Lindberg is hit by Zac Rinaldo and loses puck.
10:27 of 1st period - Slapshot by Frank Corrado.
10:27 of 1st period - Shot Misses the Net.
11:56 of 1st period - Derek Hulak is hit by Mike Cornell and loses puck.
12:09 of 1st period - Wrist shot by William Nylander.
12:09 of 1st period - Shot Misses the Net.
13:10 of 1st period - Slapshot by Frank Corrado.
13:10 of 1st period - Stopped by Anton Forsberg with a rebound.
13:40 of 1st period - Icing by Zac Rinaldo.
13:41 of 1st period - Peter Regin wins face-off versus Oscar Lindberg in Griffins zone.
13:59 of 1st period - Slapshot by Alexey Marchenko.
13:59 of 1st period - Shot Blocked by T.J. Hensick.
14:16 of 1st period - Wrist shot by T.J. Tynan.
14:16 of 1st period - Shot Hit the Post.
14:18 of 1st period - Snap shot by Jean-Philippe Cote.
14:18 of 1st period - Shot Misses the Net.
14:20 of 1st period - Slapshot by Kyle Hagel.
14:20 of 1st period - Stopped by Anton Forsberg without a rebound.
14:21 of 1st period - T.J. Tynan wins face-off versus Corey Trivino in Griffins zone.
14:26 of 1st period - Slapshot by Petr Straka.
14:26 of 1st period - Shot Misses the Net.
14:42 of 1st period - Minor Penalty to Scott Valentine for Holding.
14:43 of 1st period - Oscar Lindberg wins face-off versus Mark Mancari in Griffins zone.
15:05 of 1st period - Snap shot by Oscar Lindberg.
15:05 of 1st period - Deflect By Scott Wilson.
15:05 of 1st period - Stopped by Anton Forsberg without a rebound.
15:06 of 1st period - Mark Mancari wins face-off versus Travis Morin in Griffins zone.
15:17 of 1st period - Snap shot by Matt Fraser.
15:17 of 1st period - Shot Blocked by Robert Hagg.
15:25 of 1st period - Slapshot by Matt Fraser.
15:25 of 1st period - Stopped by Anton Forsberg with a rebound.
15:27 of 1st period - Slapshot by Seth Griffith.
15:27 of 1st period - Shot Blocked by Zac Rinaldo.
16:42 of 1st period - Penalty to Scott Valentine is over, Scott Valentine is back on ice.
17:09 of 1st period - Wrist shot by Peter Regin.
17:09 of 1st period - Shot Misses the Net.
17:16 of 1st period - Jean-Philippe Cote beats up Mike Angelidis.
17:16 of 1st period - Penalty to Jean-Philippe Cote for Fighting.
17:16 of 1st period - Penalty to Mike Angelidis for Fighting.
17:16 of 1st period - Penalty to Jean-Philippe Cote for instigated a fight.
17:16 of 1st period - Penalty to Jean-Philippe Cote for instigated a fight.
17:17 of 1st period - Mark Mancari wins face-off versus Oscar Lindberg in Griffins zone.
17:53 of 1st period - Slapshot by Colin McDonald.
17:53 of 1st period - Deflect By Travis Morin.
17:53 of 1st period - Stopped by Anton Forsberg with a rebound.
17:55 of 1st period - Slapshot by Anton Volchenkov.
17:55 of 1st period - Deflect By Mark Mancari.
17:55 of 1st period - Stopped by Anton Forsberg with a rebound.
17:57 of 1st period - Slapshot by Alexey Marchenko.
17:57 of 1st period - Shot Blocked by Scott Valentine.
18:11 of 1st period - Wrist shot by Zac Rinaldo.
18:11 of 1st period - Shot Misses the Net.
18:13 of 1st period - Snap shot by Peter Regin.
18:13 of 1st period - Stopped by Yann Danis without a rebound.
18:14 of 1st period - Peter Regin wins face-off versus Travis Morin in Ice Hogs zone.
18:27 of 1st period - Mat Bodie is hit by Peter Regin and loses puck.
18:41 of 1st period - Icing by John McFarland.
18:42 of 1st period - T.J. Hensick wins face-off versus Oscar Lindberg in Griffins zone.
18:50 of 1st period - Wrist shot by Dylan Reese.
18:50 of 1st period - Stopped by Yann Danis with a rebound.
18:52 of 1st period - Snap shot by T.J. Hensick.
18:52 of 1st period - Shot Misses the Net.
19:10 of 1st period - Slapshot by Frank Corrado.
19:10 of 1st period - Deflect By Scott Valentine.
19:10 of 1st period - Stopped by Anton Forsberg with a rebound.
19:16 of 1st period - Penalty to Jean-Philippe Cote is over, Scott Wilson is send on ice.
19:16 of 1st period - Oscar Lindberg is hit by Zac Rinaldo and loses puck.
19:23 of 1st period - Slapshot by Scott Wilson.
19:23 of 1st period - Goal by Scott Wilson - Griffins : 0 - Ice Hogs : 1.
19:24 of 1st period - Ben Holmstrom wins face-off versus John McFarland in neutral zone.
19:29 of 1st period - Slapshot by Alexey Marchenko.
19:29 of 1st period - Deflect By Derek Hulak.
19:29 of 1st period - Stopped by Anton Forsberg with a rebound.
Goals for this period are 0 for Griffins vs 1 for Ice Hogs.
Shots for this period are 3 for Griffins vs 14 for Ice Hogs.

2nd period


0:01 of 2nd period - Peter Regin wins face-off versus Travis Morin in neutral zone.
1:08 of 2nd period - Oscar Lindberg is hit by Mark Mancari and loses puck.
1:43 of 2nd period - Snap shot by Jared Staal.
1:43 of 2nd period - Stopped by Yann Danis with a rebound.
1:45 of 2nd period - Slapshot by Mike Cornell.
1:45 of 2nd period - Stopped by Yann Danis without a rebound.
1:46 of 2nd period - Corey Trivino wins face-off versus T.J. Tynan in Ice Hogs zone.
2:01 of 2nd period - Slapshot by Alexey Marchenko.
2:01 of 2nd period - Shot Misses the Net.
2:03 of 2nd period - Slapshot by Anton Volchenkov.
2:03 of 2nd period - Stopped by Anton Forsberg with a rebound.
2:05 of 2nd period - Slapshot by Alexey Marchenko.
2:05 of 2nd period - Stopped by Anton Forsberg with a rebound.
2:15 of 2nd period - Jared Staal is hit by Will Acton and loses puck.
2:32 of 2nd period - Snap shot by Derek Hulak.
2:32 of 2nd period - Stopped by Anton Forsberg with a rebound.
2:34 of 2nd period - Wrist shot by Ben Holmstrom.
2:34 of 2nd period - Shot Blocked by Jared Staal.
2:36 of 2nd period - Slapshot by Kyle Hagel.
2:36 of 2nd period - Shot Blocked by Mike Cornell.
2:38 of 2nd period - Wrist shot by Derek Hulak.
2:38 of 2nd period - Stopped by Anton Forsberg without a rebound.
2:39 of 2nd period - Peter Regin wins face-off versus Ben Holmstrom in Griffins zone.
3:55 of 2nd period - Snap shot by T.J. Hensick.
3:55 of 2nd period - Shot Misses the Net.
4:15 of 2nd period - Wrist shot by John McFarland.
4:15 of 2nd period - Shot Misses the Net.
4:19 of 2nd period - Wrist shot by Ben Eager.
4:19 of 2nd period - Shot Misses the Net.
5:21 of 2nd period - Wrist shot by Jared Staal.
5:21 of 2nd period - Shot Misses the Net.
5:52 of 2nd period - Wrist shot by Mike Angelidis.
5:52 of 2nd period - Stopped by Yann Danis with a rebound.
5:56 of 2nd period - Snap shot by T.J. Hensick.
5:56 of 2nd period - Stopped by Yann Danis with a rebound.
5:58 of 2nd period - Snap shot by T.J. Hensick.
5:58 of 2nd period - Shot Blocked by Alexey Marchenko.
6:00 of 2nd period - Slapshot by Robert Hagg.
6:00 of 2nd period - Shot Misses the Net.
6:20 of 2nd period - Wrist shot by William Nylander.
6:20 of 2nd period - Shot Hit the Post.
6:42 of 2nd period - Wrist shot by Damien Brunner.
6:42 of 2nd period - Shot Misses the Net.
6:44 of 2nd period - Backhand shot by Zac Rinaldo.
6:44 of 2nd period - Stopped by Yann Danis with a rebound.
7:32 of 2nd period - Slapshot by Derek Hulak.
7:32 of 2nd period - Deflect By Ryan Haggerty.
7:32 of 2nd period - Shot Misses the Net.
7:32 of 2nd period - Puck is out of play.
7:33 of 2nd period - T.J. Hensick wins face-off versus Colin McDonald in Griffins zone.
7:48 of 2nd period - Dylan Reese is hit by Kyle Hagel and loses puck.
7:54 of 2nd period - Off-side.
7:55 of 2nd period - Ben Holmstrom wins face-off versus William Nylander in neutral zone.
8:22 of 2nd period - Ryan Haggerty is hit by Scott Valentine.
9:44 of 2nd period - T.J. Hensick is hit by Seth Griffith and loses puck.
10:03 of 2nd period - Wrist shot by T.J. Hensick.
10:03 of 2nd period - Stopped by Yann Danis with a rebound.
10:29 of 2nd period - T.J. Tynan is hit by Kellan Lain and loses puck.
10:39 of 2nd period - Icing by Mike Cornell.
10:40 of 2nd period - Corey Trivino wins face-off versus Ben Holmstrom in Griffins zone.
10:45 of 2nd period - Alexey Marchenko is hit by Mike Cornell.
10:49 of 2nd period - Slapshot by Colin McDonald.
10:49 of 2nd period - Shot Blocked by Mike Cornell.
11:01 of 2nd period - Wrist shot by Derek Hulak.
11:01 of 2nd period - Shot Misses the Net.
11:34 of 2nd period - Wrist shot by William Nylander.
11:34 of 2nd period - Stopped by Yann Danis with a rebound.
11:36 of 2nd period - Snap shot by John McFarland.
11:36 of 2nd period - Shot Misses the Net.
11:38 of 2nd period - Wrist shot by Ben Eager.
11:38 of 2nd period - Shot Misses the Net.
11:40 of 2nd period - Snap shot by Ben Eager.
11:40 of 2nd period - Stopped by Yann Danis with a rebound.
11:42 of 2nd period - Slapshot by Dylan Reese.
11:42 of 2nd period - Shot Blocked by Kyle Hagel.
11:44 of 2nd period - Slapshot by Scott Valentine.
11:44 of 2nd period - Stopped by Yann Danis with a rebound.
11:46 of 2nd period - Snap shot by William Nylander.
11:46 of 2nd period - Shot Blocked by Kyle Hagel.
12:08 of 2nd period - Wrist shot by Zac Rinaldo.
12:08 of 2nd period - Stopped by Yann Danis with a rebound.
12:16 of 2nd period - 10 Minutes Misconduct Penalty to Jean-Philippe Cote is over.
12:19 of 2nd period - Anton Volchenkov is hit by Damien Brunner and loses puck.
12:36 of 2nd period - T.J. Tynan is hit by Mike Angelidis and loses puck.
12:43 of 2nd period - Petr Straka is hit by Mike Cornell and loses puck.
12:58 of 2nd period - Minor Penalty to Petr Straka for Roughing.
12:59 of 2nd period - Peter Regin wins face-off versus Oscar Lindberg in Ice Hogs zone.
13:09 of 2nd period - Snap shot by Zac Rinaldo.
13:09 of 2nd period - Goal by Zac Rinaldo - Griffins : 1 - Ice Hogs : 1.
13:10 of 2nd period - Travis Morin wins face-off versus T.J. Hensick in neutral zone.
14:01 of 2nd period - Petr Straka is hit by T.J. Hensick and loses puck.
14:13 of 2nd period - Minor Penalty to Mike Angelidis for Slashing.
14:14 of 2nd period - Mark Mancari wins face-off versus Colin McDonald in Griffins zone.
15:30 of 2nd period - Zac Rinaldo is hit by Seth Griffith and loses puck.
16:13 of 2nd period - Penalty to Mike Angelidis is over, Mike Angelidis is back on ice.
16:18 of 2nd period - Wrist shot by Scott Wilson.
16:18 of 2nd period - Stopped by Anton Forsberg without a rebound.
16:19 of 2nd period - Scott Wilson wins face-off versus Corey Trivino in Griffins zone.
16:43 of 2nd period - Jared Staal is hit by Petr Straka and loses puck.
17:12 of 2nd period - Jean-Philippe Cote and John McFarland fight to a draw.
17:12 of 2nd period - Penalty to Jean-Philippe Cote for Fighting.
17:12 of 2nd period - Penalty to John McFarland for Fighting.
17:12 of 2nd period - Penalty to Jean-Philippe Cote for instigated a fight.
17:12 of 2nd period - Penalty to Jean-Philippe Cote for instigated a fight.
17:13 of 2nd period - Travis Morin wins face-off versus Peter Regin in neutral zone.
19:12 of 2nd period - Penalty to Jean-Philippe Cote is over, Scott Wilson is send on ice.
19:14 of 2nd period - Snap shot by Damien Brunner.
19:14 of 2nd period - Stopped by Yann Danis with a rebound.
19:16 of 2nd period - Snap shot by Damien Brunner.
19:16 of 2nd period - Shot Misses the Net.
19:18 of 2nd period - Slapshot by Scott Valentine.
19:18 of 2nd period - Shot Blocked by Anton Volchenkov.
19:20 of 2nd period - Snap shot by Zac Rinaldo.
19:20 of 2nd period - Shot Misses the Net.
Goals for this period are 1 for Griffins vs 0 for Ice Hogs.
Shots for this period are 12 for Griffins vs 5 for Ice Hogs.

3rd period


0:01 of 3rd period - Seth Griffith wins face-off versus Zac Rinaldo in neutral zone.
0:54 of 3rd period - Scott Wilson is hit by T.J. Hensick and loses puck.
0:59 of 3rd period - Snap shot by Mike Angelidis.
0:59 of 3rd period - Shot Misses the Net.
1:01 of 3rd period - Slapshot by Robert Hagg.
1:01 of 3rd period - Stopped by Yann Danis with a rebound.
1:03 of 3rd period - Snap shot by Mark Mancari.
1:03 of 3rd period - Shot Blocked by Anton Volchenkov.
1:51 of 3rd period - Minor Penalty to Kyle Hagel for Holding Stick.
1:52 of 3rd period - Peter Regin wins face-off versus Travis Morin in Ice Hogs zone.
2:01 of 3rd period - Wrist shot by Zac Rinaldo.
2:01 of 3rd period - Shot Blocked by Frank Corrado.
2:03 of 3rd period - Snap shot by Peter Regin.
2:03 of 3rd period - Shot Misses the Net.
2:05 of 3rd period - Snap shot by Damien Brunner.
2:05 of 3rd period - Shot Misses the Net.
2:07 of 3rd period - Snap shot by Zac Rinaldo.
2:07 of 3rd period - Deflect By Damien Brunner.
2:07 of 3rd period - Shot Misses the Net.
2:07 of 3rd period - Puck is out of play.
2:08 of 3rd period - Peter Regin wins face-off versus Travis Morin in Ice Hogs zone.
2:12 of 3rd period - Penalty to Jean-Philippe Cote is over, Scott Wilson is send on ice.
2:34 of 3rd period - Snap shot by Zac Rinaldo.
2:34 of 3rd period - Stopped by Yann Danis with a rebound.
2:54 of 3rd period - Snap shot by T.J. Hensick.
2:54 of 3rd period - Stopped by Yann Danis without a rebound.
2:55 of 3rd period - Travis Morin wins face-off versus T.J. Hensick in Ice Hogs zone.
3:51 of 3rd period - Penalty to Kyle Hagel is over, Kyle Hagel is back on ice.
4:02 of 3rd period - Slapshot by Peter Regin.
4:02 of 3rd period - Shot Misses the Net.
4:19 of 3rd period - Peter Regin is hit by T.J. Tynan and loses puck.
4:55 of 3rd period - T.J. Tynan is hit by Mark Alt and loses puck.
5:06 of 3rd period - Snap shot by William Nylander.
5:06 of 3rd period - Deflect By Ben Eager.
5:06 of 3rd period - Shot Blocked by Kyle Hagel.
5:06 of 3rd period - Puck is out of play.
5:07 of 3rd period - Ben Holmstrom wins face-off versus T.J. Hensick in Ice Hogs zone.
5:12 of 3rd period - Snap shot by Derek Hulak.
5:12 of 3rd period - Shot Blocked by Mark Alt.
5:14 of 3rd period - Slapshot by Anton Volchenkov.
5:14 of 3rd period - Shot Misses the Net.
5:16 of 3rd period - Slapshot by Anton Volchenkov.
5:16 of 3rd period - Stopped by Anton Forsberg with a rebound.
5:18 of 3rd period - Snap shot by Alexey Marchenko.
5:18 of 3rd period - Deflect By Derek Hulak.
5:18 of 3rd period - Shot Blocked by T.J. Hensick.
5:18 of 3rd period - Puck is out of play.
5:19 of 3rd period - T.J. Hensick wins face-off versus Ben Holmstrom in Griffins zone.
5:42 of 3rd period - Ryan Haggerty and Mark Mancari fight to a draw.
5:42 of 3rd period - Penalty to Ryan Haggerty for Fighting.
5:42 of 3rd period - Penalty to Mark Mancari for Fighting.
5:43 of 3rd period - Travis Morin wins face-off versus William Nylander in neutral zone.
5:47 of 3rd period - Off-side.
5:48 of 3rd period - William Nylander wins face-off versus Matt Fraser in neutral zone.
6:15 of 3rd period - Snap shot by Seth Griffith.
6:15 of 3rd period - Stopped by Anton Forsberg with a rebound.
6:25 of 3rd period - Snap shot by John McFarland.
6:25 of 3rd period - Stopped by Yann Danis with a rebound.
6:50 of 3rd period - Peter Regin is hit by Colin McDonald.
7:26 of 3rd period - Slapshot by Alexey Marchenko.
7:26 of 3rd period - Shot Misses the Net.
7:28 of 3rd period - Snap shot by T.J. Tynan.
7:28 of 3rd period - Shot Misses the Net.
7:48 of 3rd period - Robert Hagg is hit by Anton Volchenkov and loses puck.
8:01 of 3rd period - Snap shot by Alexey Marchenko.
8:01 of 3rd period - Shot Blocked by Damien Brunner.
8:05 of 3rd period - Wrist shot by Derek Hulak.
8:05 of 3rd period - Shot Misses the Net.
8:07 of 3rd period - Snap shot by Colin McDonald.
8:07 of 3rd period - Shot Misses the Net.
8:09 of 3rd period - Snap shot by Mat Bodie.
8:09 of 3rd period - Stopped by Anton Forsberg with a rebound.
8:11 of 3rd period - Slapshot by Kyle Hagel.
8:11 of 3rd period - Stopped by Anton Forsberg without a rebound.
8:12 of 3rd period - William Nylander wins face-off versus Ben Holmstrom in Griffins zone.
8:30 of 3rd period - Off-side.
8:31 of 3rd period - Travis Morin wins face-off versus T.J. Hensick in neutral zone.
8:36 of 3rd period - Dylan Reese is hit by Seth Griffith and loses puck.
8:45 of 3rd period - Snap shot by T.J. Hensick.
8:45 of 3rd period - Stopped by Yann Danis without a rebound.
8:46 of 3rd period - Travis Morin wins face-off versus Corey Trivino in Ice Hogs zone.
9:13 of 3rd period - Seth Griffith is hit by Kellan Lain and loses puck.
9:53 of 3rd period - Petr Straka is hit by Mike Angelidis and loses puck.
10:02 of 3rd period - Will Acton is hit by Mike Cornell and loses puck.
10:40 of 3rd period - Slapshot by Alexey Marchenko.
10:40 of 3rd period - Stopped by Anton Forsberg with a rebound.
11:06 of 3rd period - Kellan Lain is hit by Colin McDonald and loses puck.
12:12 of 3rd period - 10 Minutes Misconduct Penalty to Jean-Philippe Cote is over.
12:17 of 3rd period - Wrist shot by John McFarland.
12:17 of 3rd period - Stopped by Yann Danis with a rebound.
12:19 of 3rd period - Snap shot by John McFarland.
12:19 of 3rd period - Shot Misses the Net.
12:42 of 3rd period - Wrist shot by T.J. Tynan.
12:42 of 3rd period - Shot Blocked by Kellan Lain.
12:48 of 3rd period - Snap shot by Petr Straka.
12:48 of 3rd period - Stopped by Anton Forsberg without a rebound.
12:49 of 3rd period - T.J. Tynan wins face-off versus Peter Regin in Griffins zone.
13:31 of 3rd period - Off-side.
13:32 of 3rd period - T.J. Hensick wins face-off versus Oscar Lindberg in neutral zone.
15:06 of 3rd period - Jean-Philippe Cote and Zac Rinaldo fight to a draw.
15:06 of 3rd period - Penalty to Jean-Philippe Cote for Fighting.
15:06 of 3rd period - Jean-Philippe Cote is ejected from game.
15:06 of 3rd period - Penalty to Zac Rinaldo for Fighting.
15:07 of 3rd period - T.J. Tynan wins face-off versus Peter Regin in neutral zone.
16:19 of 3rd period - Jared Staal is hit by Ben Holmstrom and loses puck.
17:13 of 3rd period - Travis Morin is hit by Mark Mancari and loses puck.
17:34 of 3rd period - Snap shot by Travis Morin.
17:34 of 3rd period - Shot Misses the Net.
17:36 of 3rd period - Snap shot by Mat Bodie.
17:36 of 3rd period - Shot Misses the Net.
17:38 of 3rd period - Wrist shot by Frank Corrado.
17:38 of 3rd period - Shot Misses the Net.
17:40 of 3rd period - Slapshot by Matt Fraser.
17:40 of 3rd period - Stopped by Anton Forsberg with a rebound.
17:44 of 3rd period - Wrist shot by Matt Fraser.
17:44 of 3rd period - Shot Blocked by Robert Hagg.
18:36 of 3rd period - Kellan Lain is hit by Anton Volchenkov and loses puck.
19:05 of 3rd period - Corey Trivino is hit by Oscar Lindberg and loses puck.
19:12 of 3rd period - Wrist shot by Colin McDonald.
19:12 of 3rd period - Shot Misses the Net.
19:14 of 3rd period - Slapshot by Frank Corrado.
19:14 of 3rd period - Shot Blocked by Jared Staal.
19:16 of 3rd period - Slapshot by Frank Corrado.
19:16 of 3rd period - Shot Blocked by Corey Trivino.
19:18 of 3rd period - Snap shot by Frank Corrado.
19:18 of 3rd period - Stopped by Anton Forsberg with a rebound.
Goals for this period are 0 for Griffins vs 0 for Ice Hogs.
Shots for this period are 6 for Griffins vs 8 for Ice Hogs.

Overtime #1


0:01 of 1st overtime period - William Nylander wins face-off versus T.J. Tynan in neutral zone.
0:06 of 1st overtime period - Penalty to Jean-Philippe Cote is over, Colin McDonald is send on ice.
0:06 of 1st overtime period - Penalty to Zac Rinaldo is over, Zac Rinaldo is back on ice.
0:06 of 1st overtime period - Snap shot by John McFarland.
0:06 of 1st overtime period - Stopped by Yann Danis with a rebound.
0:08 of 1st overtime period - Snap shot by Zac Rinaldo.
0:08 of 1st overtime period - Stopped by Yann Danis with a rebound.
0:10 of 1st overtime period - Snap shot by Zac Rinaldo.
0:10 of 1st overtime period - Shot Misses the Net.
0:26 of 1st overtime period - Snap shot by William Nylander.
0:26 of 1st overtime period - Shot Blocked by Petr Straka.
0:28 of 1st overtime period - Snap shot by John McFarland.
0:28 of 1st overtime period - Stopped by Yann Danis without a rebound.
0:29 of 1st overtime period - William Nylander wins face-off versus Oscar Lindberg in Ice Hogs zone.
0:32 of 1st overtime period - Snap shot by William Nylander.
0:32 of 1st overtime period - Stopped by Yann Danis with a rebound.
0:38 of 1st overtime period - Wrist shot by Colin McDonald.
0:38 of 1st overtime period - Shot Misses the Net.
0:40 of 1st overtime period - Slapshot by Frank Corrado.
0:40 of 1st overtime period - Shot Misses the Net.
0:48 of 1st overtime period - Wrist shot by Oscar Lindberg.
0:48 of 1st overtime period - Stopped by Anton Forsberg with a rebound.
0:50 of 1st overtime period - Slapshot by Frank Corrado.
0:50 of 1st overtime period - Shot Blocked by Zac Rinaldo.
0:52 of 1st overtime period - Snap shot by Oscar Lindberg.
0:52 of 1st overtime period - Stopped by Anton Forsberg with a rebound.
0:54 of 1st overtime period - Snap shot by Oscar Lindberg.
0:54 of 1st overtime period - Stopped by Anton Forsberg with a rebound.
0:56 of 1st overtime period - Snap shot by Kyle Hagel.
0:56 of 1st overtime period - Shot Misses the Net.
0:58 of 1st overtime period - Slapshot by Kyle Hagel.
0:58 of 1st overtime period - Shot Blocked by Robert Hagg.
1:22 of 1st overtime period - Zac Rinaldo is hit by T.J. Tynan and loses puck.
1:46 of 1st overtime period - Wrist shot by Colin McDonald.
1:46 of 1st overtime period - Shot Misses the Net.
1:48 of 1st overtime period - Backhand shot by Oscar Lindberg.
1:48 of 1st overtime period - Stopped by Anton Forsberg with a rebound.
1:50 of 1st overtime period - Slapshot by Mat Bodie.
1:50 of 1st overtime period - Deflect By John McFarland.
1:50 of 1st overtime period - Stopped by Anton Forsberg with a rebound.
2:04 of 1st overtime period - Kyle Hagel is hit by Jared Staal and loses puck.
2:37 of 1st overtime period - Snap shot by Colin McDonald.
2:37 of 1st overtime period - Stopped by Anton Forsberg with a rebound.
2:39 of 1st overtime period - Slapshot by Frank Corrado.
2:39 of 1st overtime period - Stopped by Anton Forsberg with a rebound.
2:49 of 1st overtime period - Alexey Marchenko is hit by Dylan Reese and loses puck.
3:16 of 1st overtime period - Wrist shot by Colin McDonald.
3:16 of 1st overtime period - Shot Blocked by Dylan Reese.
3:18 of 1st overtime period - Snap shot by Alexey Marchenko.
3:18 of 1st overtime period - Shot Misses the Net.
3:20 of 1st overtime period - Snap shot by Anton Volchenkov.
3:20 of 1st overtime period - Shot Blocked by William Nylander.
3:36 of 1st overtime period - T.J. Tynan is hit by John McFarland and loses puck.
3:58 of 1st overtime period - Scott Valentine is hit by Anton Volchenkov and loses puck.
4:33 of 1st overtime period - Frank Corrado is hit by Ben Eager and loses puck.
Goals for this period are 0 for Griffins vs 0 for Ice Hogs.
Shots for this period are 4 for Griffins vs 7 for Ice Hogs.

ShootOut


5:00 of 1st overtime period - Penalty Shot by John McFarland for Griffins.
5:00 of 1st overtime period - Snap shot by John McFarland.
5:00 of 1st overtime period - Stopped by Yann Danis.
5:00 of 1st overtime period - Penalty Shot by Travis Morin for Ice Hogs.
5:00 of 1st overtime period - Deke by Travis Morin.
5:00 of 1st overtime period - Stopped by Anton Forsberg.
5:00 of 1st overtime period - Penalty Shot by Zac Rinaldo for Griffins.
5:00 of 1st overtime period - Wrist shot by Zac Rinaldo.
5:00 of 1st overtime period - Stopped by Yann Danis.
5:00 of 1st overtime period - Penalty Shot by Colin McDonald for Ice Hogs.
5:00 of 1st overtime period - Deke by Colin McDonald.
5:00 of 1st overtime period - Shot Misses the Net.
5:00 of 1st overtime period - Penalty Shot by Peter Regin for Griffins.
5:00 of 1st overtime period - Snap shot by Peter Regin.
5:00 of 1st overtime period - Shot Misses the Net.
5:00 of 1st overtime period - Penalty Shot by Oscar Lindberg for Ice Hogs.
5:00 of 1st overtime period - Deke by Oscar Lindberg.
5:00 of 1st overtime period - Stopped by Anton Forsberg.
5:00 of 1st overtime period - Penalty Shot by Mike Angelidis for Griffins.
5:00 of 1st overtime period - Backhand shot by Mike Angelidis.
5:00 of 1st overtime period - Goal by Mike Angelidis.
5:00 of 1st overtime period - Penalty Shot by Scott Wilson for Ice Hogs.
5:00 of 1st overtime period - Snap shot by Scott Wilson.
5:00 of 1st overtime period - Goal by Scott Wilson.
5:00 of 1st overtime period - Penalty Shot by Mark Mancari for Griffins.
5:00 of 1st overtime period - Deke by Mark Mancari.
5:00 of 1st overtime period - Goal by Mark Mancari.
5:00 of 1st overtime period - Penalty Shot by Will Acton for Ice Hogs.
5:00 of 1st overtime period - Backhand shot by Will Acton.
5:00 of 1st overtime period - Stopped by Anton Forsberg.